Map: Abyssal Reef LE

Players

MooEsqoo - Winner!

  • Race: Zerg Zerg
  • Spawn Location: 11:00

Cheater 1 (Vision)

  • Race: Zerg Zerg
  • Spawn Location: 5:00

VOD

Have the link to the VOD?

Description

Time

  • Played on: Dec. 21, 2019, 4:01 a.m.
  • Length: 13:13
Show
View Real Time Build Order
Export as new Build Order

MooEsqoo Zerg - Winner!

Build Orders: Hatch First 

Get SALT Encoding   

  12  0:04  Drone  
  13  0:13  Overlord  
  13  0:17  Drone  
  14  0:32  Drone x2  
  16  0:37  Drone  
  17  0:48  Drone  
  18  1:01  Hatchery  
  17  1:06  Extractor  
  17  1:08  Drone  
  17  1:10  Drone  
  18  1:20  Drone  
  18  1:24  Spawning Pool  
  18  1:31  Drone  
  19  1:41  Overlord  
  19  1:52  Drone  
  20  2:04  Drone  
  21  2:12  Queen  
  21  2:13  Queen  
  21  2:14  Zergling x2  
  21  2:15  Zergling x2, Metabolic Boost  
  27  2:26  Drone x2  
  29  2:43  Drone x2  
  31  3:00  Drone  
  31  3:01  Drone x2  
  31  3:04  Zergling x2  
  34  3:31  Overlord x2  
  34  3:33  Drone  
  35  3:47  Extractor  
  34  3:48  Queen x2  
  38  3:59  Roach Warren  
  38  4:01  Extractor  
  38  4:02  Evolution Chamber  
  35  4:03  Extractor, Drone x2  
  35  4:04  Drone, Evolution Chamber  
  35  4:05  Drone x3  
  35  4:06  Drone  
  35  4:07  Drone  
  35  4:08  Drone  
  35  4:09  Overlord, Drone  
  43  4:11  Overlord  
  43  4:28  Hatchery  
  43  4:31  Zerg Ground Armor Level 1, Zerg Missile Weapons Level 1  
  42  4:48  Roach x3  
  42  4:49  Drone x3  
  51  5:09  Roach x5  
  51  5:10  Drone x2  
  51  5:11  Drone  
  64  5:22  Drone  
  64  5:23  Drone  
  66  5:36  Overlord x2  
  66  5:39  Queen  
  68  6:04  Roach  
  68  6:05  Roach x3  
  68  6:06  Drone x7  
  68  6:07  Drone  
  84  6:14  Ravager x4  
  84  6:16  Overlord  
  88  6:33  Extractor  
  88  6:35  Lair  
  88  6:36  Extractor  
  86  6:44  Overlord x3  
  86  6:46  Drone x2, Roach x2  
  86  6:47  Drone x4  
  96  7:10  Roach x5  
  96  7:11  Roach x3  
  96  7:15  Ravager x6  
  118  7:16  Ravager  
  118  7:18  Overlord x2  
  119  7:28  Roach  
  121  7:30  Overlord x2  
  121  7:38  Glial Reconstitution  
  121  7:39  Zerg Missile Weapons Level 2  
  121  7:40  Zerg Ground Armor Level 2  
  125  7:44  Roach x3  
  125  7:45  Roach  
  129  7:59  Roach x4  
  129  8:00  Drone x4  
  139  8:16  Roach x2  
  139  8:17  Drone, Roach x2  
  115  8:57  Roach x2  
  115  8:58  Roach x7  
  123  9:17  Roach x2  
  123  9:18  Roach x5  
  137  9:29  Roach x5  
  147  9:31  Hatchery  
  147  9:36  Ravager x3  
  147  9:37  Ravager  
  150  9:38  Overlord x3  
  150  9:39  Overlord  
  150  9:56  Roach x2  
  150  9:57  Roach x7  
  150  9:58  Roach  
  170  10:14  Overlord x3  
  170  10:21  Zerg Melee Weapons Level 1  
  170  10:25  Roach x4  
  166  11:16  Roach x6  
  178  11:22  Roach x7  
  178  11:23  Roach x4  
  190  11:51  Roach  
  190  11:52  Roach x6  
  200  12:16  Ravager x2  
Show
View Real Time Build Order
Export as new Build Order

Cheater 1 (Vision) Zerg 

Build Orders: Pool First 

Get SALT Encoding   

  12  0:00  Drone  
  13  0:12  Overlord  
  13  0:16  Drone  
  14  0:31  Drone x2  
  14  0:34  Drone  
  17  0:48  Spawning Pool, Drone  
  17  1:12  Hatchery  
  17  1:13  Drone  
  17  1:16  Extractor  
  16  1:19  Drone  
  16  1:21  Extractor  
  16  1:25  Drone  
  17  1:28  Drone  
  18  1:38  Drone  
  19  1:49  Overlord  
  19  1:51  Queen  
  21  2:00  Zergling x2  
  22  2:11  Drone  
  23  2:21  Drone  
  24  2:24  Drone  
  24  2:27  Queen  
  27  2:32  Drone  
  27  2:34  Drone  
  29  2:45  Roach Warren  
  29  2:47  Drone  
  29  2:49  Drone  
  30  2:53  Zergling x2  
  30  2:56  Zergling x2  
  32  3:01  Overlord  
  32  3:05  Drone  
  33  3:08  Drone  
  34  3:26  Roach  
  34  3:27  Roach x3  
  38  3:32  Lair  
  42  3:36  Overlord  
  42  3:41  Overlord  
  42  3:46  Zergling x2  
  42  3:47  Zergling x2  
  44  3:54  Zergling x2, Drone  
  44  3:55  Drone  
  47  3:57  Drone  
  47  4:00  Drone  
  47  4:02  Drone  
  50  4:06  Roach  
  52  4:10  Roach  
  52  4:15  Overlord  
  54  4:22  Drone  
  55  4:24  Drone  
  55  4:26  Drone  
  55  4:28  Drone  
  58  4:32  Infestation Pit, Overlord  
  58  4:34  Drone  
  58  4:38  Overlord  
  58  4:41  Roach  
  58  4:45  Roach  
  62  5:04  Hydralisk Den  
  61  5:08  Drone  
  61  5:09  Infestor x3  
  61  5:10  Infestor, Drone  
  61  5:12  Drone  
  72  5:15  Extractor, Drone  
  72  5:17  Drone  
  72  5:20  Overlord  
  73  5:22  Drone  
  73  5:24  Drone  
  73  5:26  Drone  
  73  5:28  Drone  
  77  5:31  Drone  
  77  5:33  Drone  
  79  5:36  Hydralisk, Metabolic Boost  
  79  5:37  Drone  
  79  5:40  Overlord  
  82  5:43  Hydralisk  
  82  5:48  Drone  
  82  5:49  Hydralisk  
  87  5:53  Drone  
  87  5:54  Drone  
  87  5:55  Hydralisk  
  91  5:59  Overlord  
  91  6:06  Extractor, Drone  
  91  6:09  Drone  
  92  6:12  Evolution Chamber  
  92  6:13  Drone  
  92  6:20  Evolution Chamber  
  92  6:21  Hatchery  
  92  6:24  Drone  
  91  6:26  Roach  
  91  6:28  Roach  
  91  6:29  Drone  
  91  6:32  Overlord  
  96  6:34  Drone  
  96  6:35  Drone  
  96  6:39  Zerg Melee Weapons Level 1  
  98  6:41  Roach x2  
  98  6:46  Zerg Missile Weapons Level 1  
  102  6:48  Evolution Chamber  
  102  6:54  Ravager  
  102  6:56  Overlord, Roach  
  104  7:03  Ravager  
  104  7:05  Roach  
  104  7:07  Roach  
  109  7:14  Zerg Ground Armor Level 1, Overlord, Roach  
  111  7:18  Hydralisk  
  113  7:23  Hydralisk  
  113  7:26  Roach  
  117  7:30  Roach  
  117  7:31  Roach  
  117  7:33  Overlord, Drone x2, Roach  
  117  7:34  Overseer, Drone  
  126  7:42  Extractor  
  126  7:43  Drone  
  126  7:44  Drone, Roach x2  
  128  7:45  Drone x2  
  128  7:48  Hydralisk, Extractor, Drone x2  
  136  7:54  Overlord  
  136  7:55  Drone  
  136  7:57  Drone  
  138  8:03  Hatchery  
  138  8:05  Drone  
  138  8:06  Drone  
  138  8:07  Drone  
  140  8:15  Overlord  
  140  8:16  Hydralisk, Drone  
  140  8:17  Drone  
  140  8:18  Drone x2  
  146  8:20  Drone x2  
  146  8:22  Drone  
  146  8:26  Drone  
  150  8:28  Pathogen Glands  
  150  8:29  Drone  
  150  8:30  Drone  
  152  8:36  Overlord  
  152  8:37  Zerg Melee Weapons Level 2  
  152  8:39  Drone  
  152  8:41  Drone  
  154  8:43  Zerg Missile Weapons Level 2  
  154  8:48  Zergling x4, Drone, Roach  
  142  8:51  Roach  
  142  8:52  Roach  
  142  8:53  Roach  
  142  8:54  Roach  
  127  8:56  Roach  
  127  8:58  Hydralisk  
  127  9:02  Hydralisk  
  115  9:03  Roach  
  115  9:09  Roach  
  109  9:12  Hydralisk  
  109  9:14  Infestor, Roach  
  109  9:19  Roach x3  
  109  9:20  Infestor  
  109  9:23  Roach  
  109  9:24  Roach x2  
  123  9:25  Roach  
  123  9:26  Roach  
  123  9:27  Roach  
  123  9:30  Roach  
  123  9:31  Ravager  
  132  9:35  Ravager, Roach  
  132  9:36  Roach  
  132  9:37  Roach  
  139  9:40  Hydralisk  
  141  9:45  Hydralisk  
  141  9:46  Hydralisk, Extractor  
  141  9:47  Drone  
  141  9:51  Hydralisk  
  147  9:56  Infestor  
  149  10:00  Extractor  
  149  10:01  Drone  
  149  10:05  Infestor  
  151  10:07  Spine Crawler  
  151  10:08  Spine Crawler, Drone  
  151  10:09  Drone  
  151  10:12  Spine Crawler  
  151  10:13  Drone  
  151  10:14  Spine Crawler  
  151  10:15  Drone  
  151  10:18  Queen  
  151  10:19  Zerg Ground Armor Level 2  
  153  10:21  Overlord, Queen  
  155  10:43  Hydralisk  
  155  10:44  Spine Crawler, Drone  
  155  10:45  Spine Crawler, Hydralisk  
  155  10:46  Overlord, Drone  
  155  10:47  Spore Crawler  
  155  10:48  Drone  
  156  10:50  Zergling x2, Lurker Den  
  156  10:51  Zergling x2, Drone  
  156  10:54  Spore Crawler, Drone  
  156  10:55  Roach  
  156  10:56  Spore Crawler, Roach  
  156  10:57  Hive, Roach, Drone  
  131  10:59  Roach  
  131  11:01  Roach  
  131  11:03  Roach  
  105  11:05  Roach  
  105  11:07  Hydralisk  
  90  11:19  Hydralisk  
  90  11:21  Drone  
  90  11:23  Drone  
  90  11:25  Drone x2  
  94  11:28  Drone  
  94  11:30  Hatchery, Drone  
  48  11:48  Zergling x2  
  48  11:49  Lurker  
  48  11:50  Zergling x2  
  48  11:53  Roach  
  51  11:57  Roach  
  51  12:01  Roach  
  54  12:06  Hydralisk  
  54  12:07  Roach  
  34  12:40  Hatchery  
  34  12:42  Zergling x2  
  26  12:48  Drone  
  12  12:55  Zergling x2, Drone x2  
Tags
 
Add a new tag
Caveats
  • Supply blocks, unpowered buildings, or Contaminate may cause inaccurate times.
  • Supply counts are checked every 10 seconds.